 Dungeon Crawl Stone Soup version 0.28.0 (webtiles) character file.

Game seed: 11340301646113283991

118 BubbleThief the Chiller (level 5, -2/35 HPs)
             Began as a Merfolk Ice Elementalist on Feb 7, 2022.
             Slain by an orc (3 damage)
             ... on level 4 of the Dungeon.
             The game lasted 00:05:35 (2838 turns).

BubbleThief the Chiller (Merfolk Ice Elementalist)  Turns: 2838, Time: 00:05:35

Health: -2/35      AC:  3    Str:  8    XL:     5   Next: 2%
Magic:  1/8        EV: 13    Int: 16    God:
Gold:   80         SH:  0    Dex: 15    Spells: 7/8 levels left

rFire   . . .      SeeInvis .   g - +0 halberd
rCold   . . .      Faith    .   (shield currently unavailable)
rNeg    . . .      Spirit   .   a - +0 robe
rPois   .          Reflect  .   h - +0 helmet
rElec   .          Harm     .   (no cloak)
rCorr   .          Rampage  .   (no gloves)
Will    .....                   (no boots)
Stlth   ++........              (no amulet)
HPRegen 0.11/turn               (no ring)
MPRegen 0.11/turn               (no ring)

@: no status effects
A: (nimble swimmer 2), mertail
a: no special abilities


You were on level 4 of the Dungeon.
You visited 1 branch of the dungeon, and saw 4 of its levels.

You collected 80 gold pieces.

Inventory:

Hand Weapons
 b - a +0 dagger
 g - a +0 halberd (weapon)
Missiles
 d - 5 poisoned darts
 i - a throwing net
Armour
 a - a +0 robe (worn)
 h - a +0 helmet (worn)
Scrolls
 c - 2 scrolls of summoning {unknown}
 j - 2 scrolls of identify {unknown}
 l - a scroll of blinking {unknown}
 m - a scroll of amnesia {unknown}
 n - a scroll of vulnerability {unknown}
 o - a scroll of silence {unknown}
Potions
 e - a potion of resistance {unknown}
 f - a potion of degeneration {unknown}
 k - a potion of might {unknown}


   Skills:
 + Level 0.2 Fighting
 + Level 0.4 Polearms
 + Level 2.8 Dodging
 - Level 2.1 Stealth
 + Level 2.0 Spellcasting
 + Level 6.6 Ice Magic


You had 7 spell levels left.
You knew the following spells:

 Your Spells              Type           Power      Damage    Failure   Level
a - Freeze                Ice            88%        1d10      1%          1

Your spell library contained the following spells:

 Spells                   Type           Power      Damage    Failure   Level
 Frozen Ramparts          Ice            44%        1d6       4%          3
 Ozocubu's Armour         Ice            22%        N/A       4%          3
 Animate Skeleton         Necr           2%         N/A       21%         1
 Pain                     Necr           4%         1d4       21%         1
 Hailstorm                Conj/Ice       12%        3d5       45%         4
 Vampiric Draining        Necr           1%         2d6       52%         3


Dungeon Overview and Level Annotations

Branches:
Dungeon (4/15)
 Temple: D:4-7

Altars:

Shops:
D:2 !

Annotations:
D:3 Grinder


Innate Abilities, Weirdness & Mutations

((You are very nimble when in or above water. (Stealth+, EV+, Speed+++)))
Your lower body shifts to a powerful aquatic tail in water.


Message History

The jackal is heavily wounded.
The jackal barks!
You feel sick.
You are no longer poisoned.
You hear a shout!
The jackal closely misses you.
Aiming: Freeze (safe; 1% risk of failure)
Press: ? - help, Q - select action, (/) - cycle Shift-Dir - straight line, f/p - jackal
Aim: a jackal (heavily wounded)
You freeze the jackal.
The jackal is severely wounded.
The jackal bites you but does no damage.
The jackal barely misses you. The jackal barely misses you.
The jackal pauses to sniff the ground.
The orc closely misses you. The jackal bites you.
* * * LOW HITPOINT WARNING * * *
Unknown command.
The jackal bites you.
* * * LOW HITPOINT WARNING * * *
The orc hits you with a +0 club.
* * * LOW HITPOINT WARNING * * *
The jackal bites you.
* * * LOW HITPOINT WARNING * * *
You closely miss the jackal.
The jackal bites you but does no damage.
The jackal barely misses you.
The jackal bites you but does no damage.
The orc closely misses you. The jackal barely misses you. x2
The jackal misses you.
Aiming: Freeze (safe; 1% risk of failure)
Press: ? - help, Q - select action, (/) - cycle Shift-Dir - straight line, f/p - jackal
Aim: a jackal (heavily wounded)
You freeze the jackal!
You kill the jackal!
The orc closely misses you. The jackal misses you.
The jackal barely misses you.
An orc comes into view. It is wielding a +1 antimagic dagger.
The jackal barely misses you. The orc hits you with a +0 club.
You die...

...#..........
.#o##........ .
..........#.##..
#.#......#.....
##.#.....#......
#<.#............
##...............
#.oh....)###).###
#h@.###.## ##
##.##.....
#####...## #####


You could see 2 orcs and 2 jackals.

Vanquished Creatures
  A hound skeleton (D:4)
  An adder (D:4)
  5 worms
  2 dart slugs
  2 orcs
  2 bats
  5 endoplasms
  3 giant cockroaches
  7 goblins
  5 hobgoblins
  13 jackals
  5 ball pythons
  5 frilled lizards
  9 kobolds
  5 rats
70 creatures vanquished.

Notes
Turn   | Place    | Note
-------+----------+-------------------------------------------
     0 | D:1      | BubbleThief the Merfolk Ice Elementalist began the quest
                  | for the Orb.
     0 | D:1      | Reached XP level 1. HP: 13/13 MP: 3/3
   166 | D:1      | Reached XP level 2. HP: 12/19 MP: 0/5
   334 | D:1      | Reached skill level 5 in Ice Magic
   596 | D:1      | Reached XP level 3. HP: 24/24 MP: 1/6
  1000 | D:2      | Found Bunleh's Distillery.
  1513 | D:2      | Reached skill level 6 in Ice Magic
  1528 | D:2      | Reached XP level 4. HP: 18/30 MP: 1/7
  2705 | D:3      | Noticed Grinder
  2831 | D:4      | Reached XP level 5. HP: 17/35 MP: 4/8
  2835 | D:4      | HP: 1/35 [jackal (3)]
  2838 | D:4      | Slain by an orc

Illustrated notes

Levels and vault maps discovered:
D:1:      amcnicky_arrival_blooded_trapdoor, layout_rooms, fountainhead
D:2:      layout_basic, serial_shops, shop, nicolae_wormholes
D:3:      layout_basic, elyvilon_altar_3, nicolae_qazlal_general_emergency,
          st_stairs_5, minmay_between, uniq_crazy_yiuf_cottage, uniq_grinder
D:4:      layout_cave_pools, grunt_nemelex_the_gamble, gup_sewer_entry_spiral,
          uniq_ijyb, uniq_natasha, uniq_pargi, uniq_sigmund, uniq_pikel

Skill      XL: |  1  2  3 |
---------------+----------+-----
Ice Magic      | 5 6 |  6.6
Fighting       | |  0.2
Polearms       | |  0.4
Dodging        | |  2.8
Stealth        | |  2.1
Spellcasting   | |  2.0

Action                   |  1- 3 |  4- 6 || total
-------------------------+-------+-------++-------
Melee: Unarmed           |     1 |       ||     1
       Halberd           |    22 |    25 ||    47
 Cast: Freeze            |    60 |    33 ||    93
 Stab: Sleeping          |     2 |     3 ||     5
Armor: Robe              |    13 |    12 ||    25
Dodge: Dodged            |    32 |    34 ||    66
